 Dungeon Crawl Stone Soup version 0.29-a0-529-gfa20dd96a1 (console) character file.

Game seed: 18177375699425884741

19850 om the Nimble (level 12, -8/86 HPs)
             Began as a Merfolk Ice Elementalist on May 31, 2022.
             Was a Priest of Vehumet.
             Mangled by Snorg (13 damage)
             ... on level 11 of the Dungeon on June 1, 2022.
             The game lasted 01:04:13 (22425 turns).

om the Nimble (Merfolk Ice Elementalist)           Turns: 22425, Time: 01:04:14

Health: -8/86      AC:  8    Str: 10    XL:     12   Next: 73%
Magic:  8/31       EV: 17    Int: 18    God:    Vehumet [***...]
Gold:   2040       SH:  0    Dex: 14    Spells: 4/25 levels left

rFire   + . .      SeeInvis .   F - +0 halberd (flame)
rCold   . . .      Faith    .   (shield currently unavailable)
rNeg    . . .      Spirit   .   y - +0 steam dragon scales
rPois   .          Reflect  .   (no helmet)
rElec   +          Harm     .   u - +1 cloak
rCorr   .          Rampage  .   W - +0 pair of gloves
Will    .....                   (no boots)
Stlth   +++.......              P - amulet of regeneration
HPRegen 1.04/turn               g - ring of protection from fire
MPRegen 0.22/turn               B - ring "Gafuoj" {rElec MP+9}

@: about to teleport, very slightly contaminated, hasted, studying Staves, very
quick
A: (nimble swimmer 2), mertail
a: Renounce Religion


You were on level 11 of the Dungeon.
You worshipped Vehumet.
Vehumet was most pleased with you.
You visited 4 branches of the dungeon, and saw 15 of its levels.
You also visited: Sewer.

You collected 2040 gold pieces.

Inventory:

Hand Weapons
 d - a +1 dagger
 q - a +0 trident
 D - a +0 spear of venom
 F - a +0 halberd of flaming (weapon)
Missiles
 i - 51 poisoned darts
Armour
 s - a +2 robe of fire resistance
 u - a +1 cloak (worn)
 y - +0 steam dragon scales (worn)
 W - a +0 pair of gloves (worn)
Magical Staves
 H - a staff of cold
Jewellery
 g - a ring of protection from fire (left hand)
 B - the ring "Gafuoj" (right hand) {rElec MP+9}
   (You acquired it on level 6 of the Dungeon)

   [ring of magical power]

   rElec:     It insulates you from electricity.
   MP:        It affects your magic capacity (+9).
 I - a ring of protection from fire
 J - an amulet of the acrobat
 M - a +6 ring of intelligence
 P - an amulet of regeneration (around neck)
 S - a ring of protection from cold
Wands
 c - a wand of flame (38)
 w - a wand of acid (21)
 E - a wand of mindburst (30)
 T - a wand of digging (6)
 V - a wand of iceblast (4)
 X - a wand of paralysis (7)
Scrolls
 b - 2 scrolls of enchant armour
 e - 5 scrolls of teleportation
 j - a scroll of summoning
 l - a scroll of acquirement
 o - 2 scrolls of vulnerability
 A - a scroll of torment
 C - 4 scrolls of enchant weapon
 G - 2 scrolls of fear
 K - a scroll of immolation
 O - a scroll of fog
 Q - a scroll of poison {unknown}
 R - a scroll of noise
 Y - a scroll of identify
Potions
 a - 3 potions of invisibility
 h - 3 potions of brilliance
 k - 4 potions of magic
 m - a potion of ambrosia
 p - 3 potions of curing
 r - 2 potions of might
 t - 3 potions of degeneration {unknown}
 v - 2 potions of cancellation
 x - 3 potions of lignification {unknown}
 L - a potion of flight {unknown}
 N - a potion of mutation {unknown}
Miscellaneous
 U - a lightning rod (4/4)


   Skills:
 + Level 5.1 Fighting
 - Level 8.0(10.7) Polearms
 * Level 7.1(7.9) Staves
 * Level 2.2 Armour
 + Level 11.3 Dodging
 - Level 5.0 Stealth
 * Level 7.1 Spellcasting
 - Level 5.0 Conjurations
 * Level 5.0 Transmutations
 * Level 11.2 Ice Magic
 - Level 5.0 Evocations


You had 4 spell levels left.
You knew the following spells:

 Your Spells              Type           Power      Damage    Failure   Level
a - Freeze                Ice            100%       1d11      1%          1
b - Frozen Ramparts       Ice            92%        1d11      1%          3
c - Ozocubu's Armour      Ice            46%        N/A       1%          3
d - Hailstorm             Conj/Ice       35%        3d9       1%          4
e - Magic Dart            Conj           96%        1d7       1%          1
f - Ice Form              Ice/Tmut       35%        N/A       3%          4
g - Freezing Cloud        Conj/Ice/Air   12%        6-21      9%          5

Your spell library contained the following spells:

 Spells                   Type           Power      Damage    Failure   Level
 Fulminant Prism          Conj/Hex       7%         3d7       11%         4
 Sandblast                Erth           12%        2d6       3%          1
 Sting                    Tmut/Pois      60%        1d6       3%          1
 Dazzling Flash           Conj/Hex       30%        N/A       3%          3
 Stone Arrow              Conj/Erth      30%        3d8       3%          3
 Poisonous Vapours        Pois/Air       12%        N/A       4%          2
 Scorch                   Fire           12%        2d6       4%          2
 Ignite Poison            Fire/Tmut/Pois 12%        N/A       4%          3
 Mephitic Cloud           Conj/Pois/Air  12%        N/A       4%          3
 Passwall                 Tmut/Erth      12%        N/A       6%          2
 Flame Wave               Conj/Fire      15%        2d6       11%         4
 Iskenderun's Mystic Bla  Conj/Tloc      15%        2d5       11%         4
 Summon Ice Beast         Ice/Summ       26%        N/A       11%         4
 Call Imp                 Summ           6%         N/A       16%         2
 Olgreb's Toxic Radiance  Pois           6%         N/A       26%         4
 Call Canine Familiar     Summ           6%         N/A       32%         3
 Confusing Touch          Hex            6%         N/A       32%         3
 Portal Projectile        Hex/Tloc       12%        N/A       32%         3
 Animate Armour           Summ/Erth      12%        N/A       71%         4
 Cause Fear               Hex            3%         N/A       71%         4
 Leda's Liquefaction      Hex/Erth       3%         N/A       71%         4
 Yara's Violent Unravell  Hex/Tmut       7%         3d5       26%         5
 Starburst                Conj/Fire      7%         6d4       78%         6
 Simulacrum               Ice/Necr       13%        N/A       86%         6
 Summon Cactus Giant      Summ           3%         N/A       100%        6
 Dragon Form              Tmut           12%        N/A       100%        7
 Enfeeble                 Hex            3%         N/A       100%        7
 Lehudib's Crystal Spear  Conj/Erth      7%         10d3      100%        8
 Dragon's Call            Summ           3%         N/A       100%        9
 Polar Vortex             Ice            23%        N/A       100%        9


Dungeon Overview and Level Annotations

Branches:
Dungeon (12/15)            Temple (1/1) D:5            Lair (1/6) D:11
    Orc (1/2) D:11          Sewer (visited)

Altars:
Ashenzari
Cheibriados
Dithmenos
Elyvilon
Fedhas
Gozag
Hepliaklqana
Kikubaaqudgha
Makhleb
Nemelex Xobeh
Okawaru
Qazlal
Ru
Sif Muna
Trog
Uskayaw
Vehumet
Wu Jian
Xom
Yredelemnul
Zin
The Shining One

Shops:
D:5 (

Annotations:
D:11 Snorg


Innate Abilities, Weirdness & Mutations

((You are very nimble when in or above water. (Stealth+, EV+, Speed+++)))
Your lower body shifts to a powerful aquatic tail in water.


Message History

You are very lightly contaminated with residual magic.
You are encased in ice!
Snorg is engulfed in freezing vapours.
Casting: Freezing Cloud (dangerous; 9% risk of failure)
Confirm with . or Enter, or press ? or * to list all spells.
Aiming: Freezing Cloud (dangerous; 9% risk of failure)
Press: ? - help, Dir - move target You miscast Freezing Cloud.
Nothing appears to happen.
Snorg is engulfed in freezing vapours.
Casting: Freezing Cloud (dangerous; 9% risk of failure)
Confirm with . or Enter, or press ? or * to list all spells.
Aiming: Freezing Cloud (dangerous; 9% risk of failure)
Press: ? - help, Dir - move target, f - Snorg
Aim: Snorg (heavily wounded) Snorg is engulfed in freezing vapours.
Snorg is engulfed in freezing vapours.
Snorg is engulfed in freezing vapours.
Snorg goes berserk!
You climb upwards.
Welcome back to the Dungeon!
There is a staircase to the Orcish Mines here.
Okay, then.
You feel yourself speed up. Snorg completely misses you.
Snorg claws you but does no damage. Snorg closely misses you.
Snorg attacks as you move away! Snorg closely misses you. Snorg claws you.
Snorg misses you. Snorg barely misses you. Snorg claws you but does no damage.
Snorg misses you. Snorg attacks as you move away! Snorg closely misses you.
Snorg claws you! Snorg claws you but does no damage.
Snorg attacks as you move away! Snorg bites you.
Snorg claws you but does no damage. Snorg closely misses you. Snorg bites you.
Snorg misses you. Snorg claws you! Snorg attacks as you move away!
Snorg bites you! Snorg barely misses you. Snorg claws you!!
As you read the scroll of teleportation, it crumbles to dust.
You feel strangely unstable. Snorg bites you!!
* * * LOW HITPOINT WARNING * * *
Snorg barely misses you. Snorg closely misses you.
Okay, then.
Snorg attacks as you move away! Snorg bites you!
* * * LOW HITPOINT WARNING * * *
Snorg barely misses you. Snorg claws you!
You die...

...........#.......'.##.........#
'#####<....#.......#.##.........#
.....'...).#.......#.##...#####.#
.....#.....##..#####............#
##########'##..#####'#####..[...#
##....>...........#......#..^##.#
.#.##}............#......#...##.#
.#....#...........#......#...##.#
##....####'#####.#########......#
.#####.........#T##.......(.....#
.# #.........'@.#.........###.#
.# #.#.......#..#.........# #.#
.# #.........#..#.#####...# #.#
.# #.........#..#.#####...# #.#
.# #......##.#..#.........###.#
.# #.........####.............#
################ #######.......#
............# #.......#
............# #.......#
##..........######### #.......#
.#######....#.......# #.......#


You could see Snorg (berserk).

Vanquished Creatures
  Kirke (D:11)
  A hydra (D:11)
  3 two-headed ogres
  Urug (D:12)
  A cyclops (D:11)
  An orc sorcerer (Orc:1)
  An ugly thing (D:10)
  Joseph (Lair:1)
  3 gargoyles
  A cane toad (Lair:1)
  An unseen horror (D:11)
  A rime drake (Lair:1)
  2 komodo dragons (Lair:1)
  3 trolls
  4 slime creatures (D:12)
  A vampire (D:11)
  A shadow (D:11)
  A water elemental (D:11)
  2 wraiths
  13 yaks
  A basilisk (D:12)
  5 wyverns
  A hog (D:11)
  2 steam dragons
  4 vampire mosquitoes (D:10)
  2 acid dragons
  Duvessa (D:5)
  5 water moccasins
  2 black bears
  4 orc warriors
  A sky beast (D:8)
  3 wolves (D:11)
  5 ogres
  3 centaurs
  3 phantoms
  6 kobold brigands
  Blork the orc (D:4)
  2 necrophages
  3 gnoll sergeants
  4 scorpions
  5 bullfrogs
  5 wights (D:9)
  Dowan (D:5)
  6 killer bees (D:11)
  2 howler monkeys (D:4)
  3 electric eels
  4 crimson imps (D:7)
  2 jellies
  7 hounds
  An iron imp (D:9)
  6 orc priests
  2 gnoll shamans (D:5)
  5 iguanas
  10 orc wizards
  18 gnolls
  4 river rats
  14 adders
  A shadow imp (D:7)
  2 white imps
  2 ufetubi
  2 worms (D:3)
  2 dart slugs
  37 orcs
  9 endoplasms
  5 giant cockroaches
  6 goblins
  4 hobgoblins
  4 quokkas
  13 ball pythons
  4 bats
  3 frilled lizards
  35 kobolds
  35 rats
360 creatures vanquished.

Vanquished Creatures (others)
  A wizard (D:7)
  33 plants (Lair:1)
34 creatures vanquished.

Grand Total: 394 creatures vanquished

Notes
Turn   | Place    | Note
-------+----------+-------------------------------------------
     0 | D:1      | om the Merfolk Ice Elementalist began the quest for the
                  | Orb.
     0 | D:1      | Reached XP level 1. HP: 13/13 MP: 3/3
   740 | D:1      | Reached XP level 2. HP: 19/19 MP: 5/5
  1230 | D:1      | Reached XP level 3. HP: 22/24 MP: 1/6
  1646 | D:2      | Learned a level 3 spell: Frozen Ramparts
  2225 | D:3      | HP: 1/24 [something (3)]
  2232 | D:3      | Reached XP level 4. HP: 10/30 MP: 3/7
  2676 | D:3      | Reached skill level 5 in Ice Magic
  2676 | D:3      | Reached XP level 5. HP: 18/35 MP: 5/9
  2708 | D:3      | Reached skill level 5 in Dodging
  2733 | D:3      | Found a glowing drain.
  2741 | Sewer    | Entered a sewer
  3344 | Sewer    | Learned a level 3 spell: Ozocubu's Armour
  4454 | Sewer    | Reached XP level 6. HP: 7/41 MP: 0/10
  5867 | D:4      | Reached XP level 7. HP: 43/46 MP: 10/12
  5959 | D:4      | Noticed Blork the orc
  5972 | D:4      | Killed Blork the orc
  6075 | D:4      | Reached skill level 1 in Fighting
  6075 | D:4      | Reached skill level 1 in Polearms
  6367 | D:4      | Learned a level 4 spell: Hailstorm
  6675 | D:4      | Found a blossoming altar of Fedhas.
  7142 | D:5      | Entered Level 5 of the Dungeon
  7156 | D:5      | Identified a scroll of acquirement
  7156 | D:5      | Acquired a book of Ice
  7211 | D:5      | Noticed Dowan
  7212 | D:5      | Noticed Duvessa
  7229 | D:5      | Reached skill level 1 in Conjurations
  7234 | D:5      | Killed Dowan
  7237 | D:5      | Reached XP level 8. HP: 48/56 MP: 3/14
  7323 | D:5      | Reached skill level 5 in Stealth
  7403 | D:5      | Killed Duvessa
  7591 | D:5      | Found a staircase to the Ecumenical Temple.
  8341 | D:5      | Found Xufehoqu's Weapon Boutique.
  8637 | D:5      | Found an iron altar of Okawaru.
  8811 | Temple   | Entered the Ecumenical Temple
  9969 | D:6      | Reached XP level 9. HP: 59/65 MP: 6/15
 10070 | D:6      | Found a radiant altar of Vehumet.
 10185 | D:6      | Found a broken altar of Ashenzari.
 10188 | D:6      | Found a hide-covered altar of Uskayaw.
 10233 | D:6      | Became a worshipper of Vehumet
 10269 | D:6      | Found a white marble altar of Elyvilon.
 10269 | D:6      | Found a glowing golden altar of the Shining One.
 10269 | D:6      | Found a glowing silver altar of Zin.
 10430 | D:6      | Reached skill level 5 in Polearms
 10977 | D:6      | Acquired 1157 gold pieces
 10979 | D:6      | Acquired a staff of cold
 10981 | D:6      | Acquired the ring "Gafuoj" {rElec MP+9}
 11615 | D:7      | Reached skill level 5 in Conjurations
 11857 | D:7      | Found a bloodstained altar of Trog.
 11860 | D:7      | Noticed a wizard
 11866 | D:7      | Killed a wizard
 11933 | D:7      | Found a shimmering altar of Xom.
 11947 | D:7      | Reached * piety under Vehumet
 11947 | D:7      | Offered knowledge of Magic Dart by Vehumet.
 11952 | D:7      | Learned a level 1 spell: Magic Dart
 12250 | D:8      | Reached XP level 10. HP: 63/71 MP: 16/16
 12966 | D:8      | Reached skill level 5 in Spellcasting
 12967 | D:8      | Reached skill level 1 in Evocations
 13155 | D:8      | Upgraded the game from 0.29-a0-520-gc852659d43 to
                  | 0.29-a0-529-gfa20dd96a1
 13445 | D:8      | Reached skill level 1 in Staves
 14908 | D:9      | Offered knowledge of Shock by Vehumet.
 14937 | D:9      | Reached ** piety under Vehumet
 15500 | D:9      | Reached XP level 11. HP: 47/77 MP: 19/19
 15806 | D:9      | Found a snail-covered altar of Cheibriados.
 15986 | D:9      | Noticed a two-headed ogre
 16009 | D:9      | Killed a two-headed ogre
 16010 | D:9      | Reached skill level 10 in Dodging
 16277 | D:10     | Entered Level 10 of the Dungeon
 17003 | D:10     | Offered knowledge of Static Discharge by Vehumet.
 17019 | D:10     | Found a sacrificial altar of Ru.
 17583 | D:11     | Found a staircase to the Lair.
 17625 | D:11     | Reached skill level 10 in Ice Magic
 17645 | Lair:1   | Entered Level 1 of the Lair of Beasts
 18026 | Lair:1   | Reached skill level 5 in Staves
 18090 | Lair:1   | Learned a level 4 spell: Ice Form
 18103 | Lair:1   | Noticed Joseph
 18112 | Lair:1   | Killed Joseph
 18180 | Lair:1   | Reached skill level 1 in Transmutations
 18719 | D:11     | Reached *** piety under Vehumet
 18861 | D:11     | Reached XP level 12. HP: 48/83 MP: 21/21
 18915 | D:11     | Found a staircase to the Orcish Mines.
 19452 | D:11     | Noticed a two-headed ogre
 19461 | D:11     | Killed a two-headed ogre
 19724 | D:12     | Noticed Kirke
 20013 | D:11     | Found a staircase to the Lair.
 20233 | D:11     | Killed Kirke
 20234 | D:11     | Reached skill level 1 in Armour
 20534 | D:11     | Found a staircase to the Orcish Mines.
 20753 | D:12     | Noticed a two-headed ogre
 20774 | D:11     | Killed a two-headed ogre
 20824 | D:12     | Noticed Urug
 20824 | D:12     | Noticed a six-headed hydra
 20931 | D:12     | Killed Urug
 20968 | D:11     | Learned a level 5 spell: Freezing Cloud
 21000 | D:11     | Killed a two-headed hydra
 21001 | D:11     | Reached skill level 5 in Evocations
 21625 | D:12     | Reached skill level 5 in Fighting
 22012 | D:12     | Noticed a boulder beetle
 22134 | Orc:1    | Entered Level 1 of the Orcish Mines
 22341 | Orc:1    | Offered knowledge of Fulminant Prism by Vehumet.
 22344 | Orc:1    | Reached skill level 5 in Transmutations
 22401 | Orc:1    | Noticed Snorg
 22425 | D:11     | Mangled by Snorg

Illustrated notes

Levels and vault maps discovered:
D:1:      giann_forest_graveyard, layout_basic, nrook_mini_backslash,
          serial_bayou_crossing
D:2:      layout_rooms, kennysheep_path_1, kennysheep_generic_room_3
D:3:      layout_loops_corners, lightli_sewer_entry_pipes
D:4:      layout_gridville, fedhas_altar_2, uniq_blork_the_orc
D:5:      layout_loops_ring, kennysheep_okawaru_gauntlet,
          minmay_temple_entry_overgrown, serial_shops,
          nicolae_shop_bloodbath_and_beyond, serial_park_tiny_2,
          dk_noncrumbling_2, uniq_duvessa
D:6:      layout_cave_pools, dreamdust_divine_triumvirate, vehumet_crystals,
          jmf_multi_god_temple, hangedman_minor_gate_pass
D:7:      layout_loops_ring, led_xom_imps, trog_wizard, roderic_lattice_a
D:8:      layout_layer_cave, minmay_crystal_room
D:9:      layout_gridville, slow_altar_2
D:10:     layout_loops_ring, hangedman_ru_absence, hangedman_decor_push
D:11:     layout_stronghold, erik_lair_island, orc_0_dummy
D:12:     layout_irregular_city, hangedman_decor_growths, uniq_kirke, uniq_urug
Temple:   jpeg_temple_alley_garden
Lair:1:   layout_roguey, nicolae_lair_lil_pond, serial_bayou_lake_a,
          grunt_megastairs_5, uniq_joseph
Orc:1:    layout_diamond_mine, uniq_snorg

Skill      XL: |  1  2  3  4  5  6  7  8  9 10 11 12 |
---------------+-------------------------------------+-----
Dodging        | 3 4 5 6 7 8 9 10 11 | 11.3
Stealth        | 3 4 5 |  5.0
Ice Magic      | 5 6 7 8 10 11 | 11.2
Spellcasting   | 3 4 5 6 7 |  7.1
Fighting       | 1 3 4 5 |  5.1
Polearms       | 2 4 7 8 |  8.0
Conjurations   | 1 3 5 |  5.0
Evocations     | 2 4 5 |  5.0
Staves         | 3 5 7 |  7.1
Transmutations | 2 5 |  5.0
Armour         | 2 |  2.2

Action                   |  1- 3 |  4- 6 |  7- 9 | 10-12 || total
-------------------------+-------+-------+-------+-------++-------
Melee: Dagger            |    36 |    52 |       |       ||    88
       Unarmed           |     5 |       |       |    33 ||    38
       Punch             |       |     2 |     3 |     2 ||     7
       Tailslap          |       |     1 |       |     4 ||     5
       Trident           |       |     7 |   182 |       ||   189
       Halberd           |       |       |    27 |   304 ||   331
       Spear             |       |       |     1 |    17 ||    18
       Staff             |       |       |    30 |    45 ||    75
 Cast: Freeze            |    40 |    36 |    66 |    72 ||   214
       Frozen Ramparts   |       |    14 |    33 |    49 ||    96
       Ozocubu's Armour  |       |     2 |    25 |    43 ||    70
       Magic Dart        |       |       |       |    66 ||    66
       Hailstorm         |       |       |       |     2 ||     2
       Ice Form          |       |       |       |     6 ||     6
       Freezing Cloud    |       |       |       |    26 ||    26
  Use: Scroll            |     3 |     4 |     7 |    15 ||    29
       Potion            |     1 |     4 |       |     7 ||    12
 Stab: Sleeping          |     1 |     3 |     6 |     3 ||    13
Armor: Robe              |    13 |    27 |    90 |       ||   130
       Steam dragon scal |       |       |    12 |   113 ||   125
       Skin              |       |       |       |    27 ||    27
Dodge: Dodged            |    49 |   110 |   250 |   409 ||   818

Table legend: (Time is in decaauts)
 A = Elapsed time spent in this place.
 B = Non-inter-level travel time spent in this place.
 C = Inter-level travel time spent in this place.
 D = Time resting spent in this place.
 E = Time spent auto-exploring this place.
 F = Levels seen in this place.
 G = Mean time per level.
                   A        B        C        D        E       F      G
               +--------+--------+--------+--------+--------+-----+--------+
         Total |  22332 |  21215 |   1117 |   7191 |  10513 |  16 | 1395.8 |
       Dungeon |  18813 |  17768 |   1045 |   5133 |   9716 |  12 | 1567.8 |
        Temple |    207 |    171 |     36 |      0 |    166 |   1 |  207.0 |
          Lair |    841 |    806 |     35 |     86 |    506 |   1 |  841.0 |
  Orcish Mines |    274 |    274 |      0 |    189 |      9 |   1 |  274.0 |
         Sewer |   2196 |   2196 |      0 |   1783 |    116 |   1 | 2196.0 |
               +--------+--------+--------+--------+--------+-----+--------+

Top non-repeatable levels by time:
    D:11: 3169 daAuts
     D:9: 2261 daAuts
     D:5: 2201 daAuts
   Sewer: 2196 daAuts
     D:8: 1883 daAuts
     D:1: 1552 daAuts
     D:6: 1532 daAuts
     D:3: 1338 daAuts
     D:4: 1297 daAuts
    D:10: 1256 daAuts
     D:7: 1176 daAuts
  Lair:1: 841 daAuts
     D:2: 657 daAuts
    D:12: 485 daAuts
   Orc:1: 274 daAuts
